 Dungeon Crawl Stone Soup version 0.19.5 (webtiles) character file.

53 Peloso the Shield-Bearer (level 3, -1/33 HPs)
             Began as a Minotaur Fighter on Apr 17, 2017.
             Slain by Crazy Yiuf
             ... wielding a +4 quarterstaff of chaos
              (12 damage)
             ... on level 2 of the Dungeon.
             The game lasted 00:02:33 (1017 turns).

Peloso the Shield-Bearer (Minotaur Fighter)         Turns: 1017, Time: 00:02:33

Health: -1/33      AC:  7    Str: 22    XL:     3   Next: 62%
Magic:  2/2        EV:  8    Int:  5    God:
Gold:   90         SH:  9    Dex: 10    Spells: 0 memorised, 2 levels left

rFire  . . .     SeeInvis .     a - +0 long sword
rCold  . . .     Gourm    +     b - +0 scale mail
rNeg   . . .     Faith    .     c - +0 shield
rPois  .         Spirit   .     (helmet restricted)
rElec  .         Reflect  .     (no cloak)
rCorr  .         Harm     .     (no gloves)
MR     .....                    (no boots)
Stlth  ..........               l - amulet of the gourmand
                                n - +2 ring of strength
                                t - +1 ring of evasion

@: lethally poisoned (-1 -> -9)
A: retaliatory headbutt, horns 2
a: no special abilities


You were on level 2 of the Dungeon.
You were not hungry.

You visited 1 branch of the dungeon, and saw 2 of its levels.

You collected 90 gold pieces.

Inventory:

Hand Weapons
 a - a +0 long sword (weapon)
Armour
 b - a +0 scale mail (worn)
 c - a +0 shield (worn)
Jewellery
 l - an amulet of the gourmand (around neck)
 n - a +2 ring of strength (right hand)
 t - a +1 ring of evasion (left hand)
Scrolls
 e - 5 scrolls of identify {unknown}
 g - a scroll of blinking {unknown}
 h - a scroll of fog {unknown}
 i - a scroll of noise {unknown}
 m - a scroll of fear {unknown}
 s - a scroll of random uselessness {unknown}
Potions
 d - a potion of might
 k - 2 potions of flight {unknown}
 o - a potion of degeneration {unknown}
 q - 2 potions of brilliance {unknown}
 r - 3 potions of haste {unknown}
Comestibles
 f - 3 bread rations
 j - 2 fruits
 p - 2 meat rations


   Skills:
 + Level 4.3 Fighting
 + Level 2.9 Long Blades
 + Level 4.1 Armour
 + Level 0.2 Dodging
 + Level 4.3 Shields


You had 2 spell levels left.
You didn't know any spells.

Dungeon Overview and Level Annotations

Branches:
Dungeon (2/15)

Altars:

Annotations:
D:2 Crazy Yiuf


Innate Abilities, Weirdness & Mutations

You reflexively headbutt those who attack you in melee.
You have a pair of horns on your head.


Message History

Crazy Yiuf closely misses you.
You closely miss Crazy Yiuf.
Crazy Yiuf is lightly wounded.
Crazy Yiuf hits you with a quarterstaff of chaos!
You are poisoned.
Crazy Yiuf hits you with a quarterstaff of chaos.
You slash Crazy Yiuf!
Crazy Yiuf is heavily wounded.
You feel sick. You block Crazy Yiuf's attack.
Your shield and scale mail prevent you from hitting Crazy Yiuf.
Crazy Yiuf is heavily wounded.
You feel sick. You block Crazy Yiuf's attack.
You slash Crazy Yiuf!
Crazy Yiuf is almost dead.
You feel sick. You block Crazy Yiuf's attack.
You hit Crazy Yiuf but do no damage.
Crazy Yiuf is almost dead.
You feel sick.
Crazy Yiuf hits you with a quarterstaff of chaos!
You die...

##..## #.#
♣PP.P♣ #.#
♣♣P♣.♣ #.#
♣♣.♣♣ #.#
♣♣.♣ #.#
♣.♣♣
#.##########
♣♣.♣
#...........
♣.♣♣
######......
#@# #......
#.g.#
#......
#...#
###.#.#
#)..#
########....
#####
#..........#
#.....##.#.#
#.....##.#..
#.....##....
#.....#..#..


You could see Crazy Yiuf.

Vanquished Creatures
  An adder (D:2)
  A worm (D:2)
  A dart slug (D:1)
  A ball python (D:1)
  3 giant cockroaches
  7 goblins
  5 hobgoblins (D:1)
  2 quokkas (D:2)
  7 bats
  A frilled lizard (D:2)
  2 kobolds (D:1)
  5 rats
  A fungus (D:2)
37 creatures vanquished.

Notes
Turn   | Place    | Note
-------+----------+-------------------------------------------
     0 | D:1      | Peloso the Minotaur Fighter began the quest for the Orb.
     0 | D:1      | Reached XP level 1. HP: 19/19 MP: 0/0
    52 | D:1      | Reached XP level 2. HP: 22/27 MP: 1/1
   308 | D:1      | Reached XP level 3. HP: 32/33 MP: 2/2
   592 | D:2      | Found a faded altar of an unknown god.
  1004 | D:2      | Found a runed door.
  1009 | D:2      | Noticed Crazy Yiuf
  1017 | D:2      | Slain by Crazy Yiuf

Skill      XL: |  1  2 |
---------------+-------+-----
Fighting       | 4 |  4.3
Shields        | 4 |  4.3
Armour         | 4 |  4.1
Long Blades    | |  2.9
Dodging        | |  0.2

Action                   || total
-------------------------++-------
Melee: Long sword        ||    81
       Headbutt          ||    14
  Eat: Chunk             ||     6
Armor: Scale mail        ||    40
Dodge: Dodged            ||    33
Block: Shield            ||    36
       Rpst.: Long sword ||    12
